 Dungeon Crawl Stone Soup version 0.17.0 (webtiles) character file.

637857 Eucla the Heavyweight Champion (level 26, -11/212 HPs)
             Began as a Troll Monk on Nov 10, 2015.
             Was a Priest of Qazlal.
             Killed from afar by an orb of fire (20 damage)
             ... with a fireball
             ... on level 5 of the Realm of Zot.
             The game lasted 02:35:15 (57569 turns).

Eucla the Heavyweight Champion (Troll Monk)        Turns: 57569, Time: 02:35:15

Health: -11/212    AC: 32    Str: 25    XL:     26   Next: 97%
Magic:  7/30       EV: 21    Int:  9    God:    Qazlal [***...]
Gold:   7124       SH: 30    Dex: 26    Spells: 1 memorised, 23 levels left

rFire  + . .     SeeInvis .       - Unarmed
rCold  + . .     Clarity  .     M - +9 armour of the Dragon King {rPois rF+ rC+ MR+}
rNeg   . . .     SustAt   .     T - +4 large shield {AC+3}
rPois  +         Gourm    +     P - +2 hat {Int+3}
rElec  .         Spirit   .     h - +2 cloak
rCorr  .         Warding  .     (gloves unavailable)
rMut   .         Stasis   .     (boots unavailable)
MR     +++..                    f - amulet of faith
Stlth  ..........               m - ring of Shaolin {EV+8}
                                r - +5 ring of dexterity

@: extremely resistant to hostile enchantments, extremely unstealthy
A: unfitting armour, claws 3, horns 1, thin skeletal structure 2, blurry vision
1, clumsy 1, deformed body, fast metabolism 3, frail 1, gourmand, low mp 2,
magic resistance 1, regeneration 2, screaming 2, shaggy fur 1, tough skin 2,
weak 1
a: Upheaval, Elemental Force, Renounce Religion
}: 4/15 runes: decaying, slimy, silver, gossamer


You were on level 5 of the Realm of Zot.
You worshipped Qazlal.
Qazlal was most pleased with you.
You were not hungry.

You visited 11 branches of the dungeon, and saw 60 of its levels.
You also visited: Sewer and Ossuary.

You collected 8179 gold pieces.
You spent 1055 gold pieces at shops.

Inventory:

Hand Weapons
 p - a +0 halberd
Armour
 h - a +2 cloak (worn)
 q - a +2 cloak
 M - the +9 armour of the Dragon King (worn) {rPois rF+ rC+ MR+}
   (You acquired it on level 1 of the Lair of Beasts)

   It protects you from fire.
   It protects you from cold.
   It protects you from poison.
   It affects your resistance to hostile enchantments.
 P - a +2 hat of intelligence (worn)
 T - a +4 large shield of protection (worn)
Jewellery
 a - an uncursed ring of protection from cold
 f - an amulet of faith (around neck)
 j - a +5 ring of strength
 m - the ring of Shaolin (right claw) {EV+8}
   (You took it off a yaktaur captain on level 5 of the Vaults)

   [ring of evasion]

   It affects your evasion (+8).
 n - an uncursed ring of protection from fire
 r - a +5 ring of dexterity (left claw)
 v - an uncursed ring of see invisible
 R - the ring "Odyago" {rC+ Dex+3 SInv}
   (You found it on level 4 of the Depths)

   [ring of see invisible]

   It affects your dexterity (+3).
   It protects you from cold.
   It lets you see invisible.
Wands
 z - a wand of heal wounds (4)
 B - a wand of teleportation (3)
 C - a wand of digging (8)
 L - a wand of digging (5)
 S - a wand of teleportation (5)
 Y - a wand of teleportation (6)
Scrolls
 c - 13 scrolls of identify
 e - 24 scrolls of remove curse
 g - a scroll of immolation
 i - 21 scrolls of teleportation
 l - 7 scrolls of fog
 u - 2 scrolls of holy word
 x - a scroll of fear
 y - 6 scrolls of magic mapping
 E - a scroll of brand weapon
 K - 18 scrolls of enchant weapon
Potions
 d - 9 potions of flight
 o - 5 potions of cancellation
 s - 3 potions of invisibility
 t - 5 potions of haste
 A - 19 potions of curing
 D - a potion of might
 G - 3 potions of agility (quivered)
 N - 6 potions of brilliance
 O - a potion of magic
Comestibles
 b - 23 bread rations
 w - a meat ration


   Skills:
 - Level 9.2 Fighting
 - Level 10.5 Armour
 - Level 15.0 Dodging
 - Level 1.1 Stealth
 - Level 15.7 Shields
 O Level 27 Unarmed Combat
 + Level 24.3 Invocations


You had 23 spell levels left.
You knew the following spells:

 Your Spells              Type           Power        Failure   Level  Hunger
a - Shroud of Golubria    Chrm/Tloc      #.........   100%        2    ###....


Dungeon Overview and Level Annotations

Branches:
Dungeon (15/15)            Temple (0/1) D:4            Lair (8/8) D:11
  Swamp (4/4) Lair:6       Spider (4/4) Lair:6        Slime (6/6) Lair:8
    Orc (4/4) D:10            Elf (3/3) Orc:3        Vaults (5/5) D:13
  Crypt (1/3) Vaults:3     Depths (5/5) D:15            Zot (5/5) Depths:5

Altars:
Dithmenos
Fedhas
Gozag
Kikubaaqudgha
Makhleb
Nemelex Xobeh
Okawaru
Qazlal
Ru
Vehumet
Xom
Zin
Beogh
Jiyva

Shops:
D:5 (   D:10 (   D:13 [?   Orc:4 ![(!   Elf:2 (   Vaults:1 (   Depths:5 [

Portals:
Hell: Depths:1 Depths:2 Depths:3 Depths:4 Depths:5
Abyss: Depths:4
Pandemonium: Depths:3
Ziggurat: Depths:3
Trove: Depths:4 (give 2 scrolls of acquirement)

Annotations:
Lair:2 exclusion: 3 oklob plants
Depths:3 exclusion: 2 ice statues
Depths:5 4 runed doors


Innate Abilities, Weirdness & Mutations

You are too large for most types of armour.
You have claws for hands.
Your metabolism is lightning-fast.
You like to eat raw meat.
You heal very quickly.
You are covered in fur (AC +1).
You have very tough skin (AC +2).
You have a pair of small horns on your head.
You have a moderately thin skeletal structure (Dex +4, Stealth+).
Scrolls take you a little longer to read.
You are clumsy. (Dex -2)
Armour fits poorly on your strangely shaped body.
You are frail (-10% HP).
Your magical capacity is very low (-20% MP).
You are resistant to hostile enchantments.
You sometimes yell uncontrollably at your foes.
You are weak. (Str -2)


Message History

Your headbutt misses the orb of fire.
The orb of fire is heavily damaged.
The orb of fire glows deep purple.
Strange energies course through your body.
You feel stronger.
An orb of fire comes into view.
Unknown command.
You scratch the orb of fire.
You headbutt the orb of fire, but do no damage.
The orb of fire is heavily damaged.
Unknown command.
You mangle the orb of fire!! Your headbutt misses the orb of fire.
The orb of fire is severely damaged.
Unknown command.
You barely miss the orb of fire. Your headbutt misses the orb of fire.
The orb of fire is severely damaged.
The orb of fire emits a lurid red light.
The fireball explodes!
The fireball engulfs the orb of fire.
The orb of fire completely resists.
The fireball engulfs you! You resist.
You die...

#....#*#...* #.
#....#*....* #.
################▓
##..........≈.≈≈##
##...........≈≈...#
##.......(..$...≈...
#...................
#...................
#..@....^...........
#..*................
#...................
#../........(.......
##.............)....
##.......≈........#
##*....)..........
▓▓...≈.##▓▓#▓▓▓▓▓
▓▓.....†........,*


You could see 2 orbs of fire.

Vanquished Creatures
  the royal jelly (Slime:6)
  8 orbs of fire
  Mara (Elf:3)
  A juggernaut (Depths:5)
  The ghost of Demise the Slayer, a legendary HaBe of Trog (Zot:5)
  3 ancient liches
  Norris (Vaults:3)
  Saint Roka (Elf:3)
  A Killer Klown (Zot:4)
  A curse toe (Zot:5)
  14 golden dragons
  Nikola (Vaults:1)
  2 bone dragons (Depths:5)
  Xtahua (Vaults:4)
  2 electric golems
  Jorgrun (Swamp:3)
  The ghost of Ark the Fencer, an adept FoFi of the Shining One (Elf:3)
  Rupert (Spider:1)
  3 liches
  9 tentacled monstrosities
  9 Orb Guardians (Zot:5)
  Asterion (Vaults:1)
  8 titans
  An Ice Fiend (Depths:3)
  2 quicksilver dragons
  2 deep elf blademasters (Elf:3)
  2 deep elf master archers (Elf:3)
  18 acid blobs
  10 death cobs
  2 thorn hunters (Swamp:4)
  Gastronok (D:8)
  10 sphinxes
  8 tengu reavers
  Frances (Swamp:2)
  A draconian monk (Zot:1)
  Kirke (Lair:6)
  15 azure jellies
  9 storm dragons
  7 shadow dragons
  Roxanne (Spider:2)
  Wiglaf (Depths:1)
  The ghost of slAvIk159 the Impaler, a journeyman MiGl of Makhleb (Orc:4)
  3 iron dragons
  Donald (Orc:4)
  8 fire giants
  9 deep elf sorcerers
  A draconian knight (Zot:1)
  Louise (Swamp:2)
  3 draconian scorchers
  A balrug (Depths:4)
  11 frost giants
  4 ghost moths
  3 orc warlords
  5 draconian zealots
  4 draconian shifters
  13 vault wardens
  8 emperor scorpions
  4 draconian annihilators
  3 vampire knights
  29 stone giants
  3 draconian callers
  11 very ugly things
  7 deep elf demonologists
  13 ironheart preservers
  9 green draconians
  7 black draconians
  9 deep elf annihilators
  10 white draconians
  8 yellow draconians
  3 salamander stormcallers
  9 red draconians
  2 purple draconians
  6 mottled draconians
  6 dire elephants (Lair:8)
  34 vault guards
  Snorg (D:10)
  13 great orbs of eyes
  8 deep elf death magi
  11 ettins
  10 death oozes
  20 fire dragons
  9 deep elf high priests
  4 rakshasas
  15 yaktaur captains
  14 hydras
  18 ice dragons
  5 spriggan air magi
  11 centaur warriors
  Erolcha (D:8)
  2 anacondas (shapeshifter)
  5 entropy weavers
  6 death yaks (Lair:7)
  16 ogre magi
  15 dancing weapons
  5 alligators
  10 deep troll shamans
  2 ghost crabs
  2 death knights (Vaults:3)
  An anaconda (Lair:8)
  4 vampire magi
  5 deep troll earth magi
  3 spriggan berserkers
  11 tengu warriors
  5 orc high priests (Orc:4)
  A shock serpent (shapeshifter) (Vaults:5)
  2 sun demons (Depths:4)
  5 shadow wraiths
  4 small abominations
  5 iron trolls
  90 slime creatures
  An unseen horror (shapeshifter) (Vaults:4)
  A large abomination (Elf:3)
  3 fire crabs
  7 hell knights
  18 deep elf knights
  A fire crab (shapeshifter) (Vaults:5)
  4 unseen horrors
  8 swamp dragons
  5 giant orange brains
  An ice devil (Depths:3)
  9 deep elf summoners
  7 hill giants
  6 flayed ghosts
  8 shambling mangroves
  A harpy (shapeshifter) (D:15)
  21 deep trolls
  2 torturous demonspawn (Depths:3)
  2 wizards (D:15)
  14 orc knights
  19 ironbrand convokers
  2 phantasmal warriors (Vaults:5)
  21 orb spiders
  17 deep elf conjurers
  7 necromancers
  9 shining eyes
  3 harpies (Vaults:5)
  5 orc sorcerers
  10 griffons
  20 ugly things
  9 cyclopes
  2 human zombies (Vaults:3)
  2 hornets (shapeshifter)
  An oklob plant (Lair:2)
  A sixfirhy (Depths:3)
  2 mana vipers (shapeshifter)
  A manticore (D:13)
  27 moths of wrath
  A frost giant skeleton (Vaults:3)
  8 hornets
  19 wolf spiders
  An eye of devastation (shapeshifter) (Vaults:5)
  14 elephants
  An ice statue (D:11)
  2 gargoyles
  8 spiny frogs
  Psyche (D:8)
  3 eyes of devastation
  2 torpor snails
  A black mamba (Lair:4)
  13 vault sentinels
  7 kobold demonologists
  A fire drake (shapeshifter) (Depths:1)
  A yaktaur (shapeshifter) (Elf:3)
  13 deep elf priests
  13 demonic crawlers
  4 komodo dragons
  4 fire drakes
  7 freezing wraiths
  45 yaktaurs
  A polar bear (Lair:1)
  A troll (shapeshifter) (Depths:1)
  2 tengu conjurers
  7 trolls
  The ghost of tetracat the Skirmisher, an amateur FoWn (Sewer)
  A tormentor (Depths:3)
  22 jumping spiders
  3 giant leeches
  A wind drake (shapeshifter) (Vaults:3)
  2 polar bears (shapeshifter)
  12 blink frogs
  Grinder (D:4)
  A sphinx simulacrum (Vaults:1)
  4 blue devils
  4 boulder beetles
  34 two-headed ogres
  A fire dragon zombie (Depths:1)
  A centaur simulacrum (D:12)
  13 spriggans
  A fire giant simulacrum (Depths:1)
  5 air elementals (Depths:5)
  20 tarantellas
  Sigmund (D:4)
  3 water elementals
  33 redbacks
  2 wyverns
  35 yaks
  A spriggan (shapeshifter) (Vaults:1)
  7 golden eyes
  48 deep elf fighters
  23 trapdoor spiders
  2 wraiths (Vaults:1)
  Eustachio (D:4)
  30 deep elf magi
  4 hogs (Lair:6)
  3 hungry ghosts
  10 hippogriffs
  4 basilisks
  17 vampire mosquitoes
  Menkaure (D:5)
  A mottled dragon (D:11)
  11 wargs
  24 swamp worms
  11 porcupines
  A soldier ant (D:14)
  11 wolves
  5 insubstantial wisps (Swamp:2)
  14 water moccasins
  A phantom (D:13)
  26 spiders
  22 wasps
  7 eyes of draining
  68 ogres
  51 orc warriors
  9 swamp drakes
  7 ice beasts
  5 sky beasts
  A necrophage (D:11)
  9 boggarts
  4 centaurs
  10 big kobolds
  6 crocodiles
  3 elf zombies (Elf:1)
  2 wyvern zombies
  15 giant frogs
  4 elf skeletons (D:4)
  A water moccasin skeleton (D:11)
  A glowing shapeshifter simulacrum (Vaults:3)
  A deep troll simulacrum (Vaults:3)
  3 scorpions
  4 wights (D:15)
  A wyvern skeleton (D:10)
  16 killer bees
  An oklob sapling (D:4)
  4 electric eels
  8 bog bodies
  5 crimson imps
  2 centaur zombies
  2 giant frog zombies (Ossuary)
  3 quasits (Depths:3)
  2 wasp zombies
  40 orc priests
  4 centaur skeletons
  4 giant frog skeletons
  24 orc wizards
  10 iguanas
  8 hounds
  18 jellies
  An iron imp (Depths:3)
  3 human skeletons (D:4)
  2 killer bee zombies (Ossuary)
  6 worker ants
  31 sheep
  3 hound zombies
  13 mummies (Ossuary)
  2 hound skeletons
  4 worker ant zombies (Ossuary)
  16 adders
  58 river rats
  5 shadow imps
  2 white imps (Depths:3)
  2 oozes
  An adder skeleton (D:7)
  6 adder zombies
  2 worms
  9 giant geckos
  230 orcs
  7 giant cockroaches
  5 hobgoblins
  15 jackals
  3 quokkas
  A ball python (shapeshifter) (Depths:4)
  A ball python (D:3)
  11 bats
  A giant cockroach zombie (Ossuary)
  11 giant newts
  9 goblins
  A jackal zombie (Ossuary)
  19 kobolds
  2 orc skeletons (D:4)
  2 orc zombies (D:4)
  8 rats
  A bush (Lair:6)
  5 crawling corpses (Elf:3)
  A fire vortex (Vaults:2)
  55 fungi
  51 plants
2656 creatures vanquished.

Vanquished Creatures (collateral kills)
  An electric golem (Zot:5)
  3 acid blobs
  A fire giant (Vaults:5)
  A shadow dragon (Vaults:5)
  A death ooze (Slime:6)
  A rakshasa (Depths:1)
  A hill giant (D:11)
  A necromancer (Depths:1)
  A cyclops (D:11)
  A shining eye (Slime:4)
  A centaur skeleton (D:11)
  A yaktaur skeleton (Depths:1)
  A hippogriff (D:11)
  A shadow imp (D:11)
  An orc (Elf:3)
17 creatures vanquished.

Vanquished Creatures (others)
  A sphinx (Vaults:1)
  A tengu reaver (Vaults:5)
  A fire giant (Depths:3)
  A deep elf sorcerer (Vaults:5)
  A vault guard (Vaults:5)
  A hydra (Swamp:4)
  A centaur warrior (Vaults:1)
  An ogre mage (Vaults:1)
  A deep troll shaman (Depths:3)
  An orc knight (Vaults:1)
  A spiny frog (Swamp:3)
  A redback (Spider:2)
  A yak (Lair:8)
  A deep elf mage (Elf:2)
  2 deep elf fighters (Elf:1)
  A boggart (Depths:3)
  2 ogres (Vaults:1)
  An orc wizard (Orc:3)
  A river rat (Lair:8)
  An orc (Orc:4)
  10 fungi
  16 plants
48 creatures vanquished.

Grand Total: 2721 creatures vanquished

Notes
Turn   | Place    | Note
--------------------------------------------------------------
     0 | D:1      | Eucla the Troll Monk began the quest for the Orb.
     0 | D:1      | Reached XP level 1. HP: 22/22 MP: 0/0
   137 | D:1      | Reached XP level 2. HP: 29/29 MP: 1/1
   879 | D:2      | Reached XP level 3. HP: 28/36 MP: 2/2
  1068 | D:2      | Found a stormy altar of Qazlal.
  1104 | D:2      | Became a worshipper of Qazlal Stormbringer
  1104 | D:2      | Reached * piety under Qazlal
  1104 | D:2      | Reached ** piety under Qazlal
  1158 | D:2      | Reached skill level 5 in Unarmed Combat
  1320 | D:2      | Reached XP level 4. HP: 44/44 MP: 3/3
  1321 | D:2      | Found a faded altar to an unknown god.
  1505 | D:3      | Found a glowing drain.
  1514 | Sewer    | Entered a sewer
  1528 | Sewer    | Noticed tetracat's ghost (amateur FoWn)
  1532 | Sewer    | Gained mutation: You have sharp toenails. [potion of mutation]
  1532 | Sewer    | Gained mutation: You have a pair of small horns on your head. [potion of mutation]
  1532 | Sewer    | Gained mutation: Your flesh is cold resistant. [potion of mutation]
  1534 | Sewer    | Lost mutation: You have sharp toenails. [potion of cure mutation]
  1534 | Sewer    | Lost mutation: You have a pair of small horns on your head. [potion of cure mutation]
  1534 | Sewer    | Lost mutation: Your flesh is cold resistant. [potion of cure mutation]
  1547 | Sewer    | Killed tetracat's ghost
  1547 | Sewer    | Reached skill level 1 in Invocations
  1547 | Sewer    | Reached XP level 5. HP: 27/53 MP: 3/5
  1547 | Sewer    | Reached XP level 6. HP: 31/61 MP: 3/6
  1705 | Sewer    | Reached skill level 6 in Unarmed Combat
  2081 | D:3      | Reached *** piety under Qazlal
  2240 | D:3      | Found a radiant altar of Vehumet.
  2692 | D:4      | Noticed Sigmund
  2696 | D:4      | Killed Sigmund
  2696 | D:4      | Reached XP level 7. HP: 63/67 MP: 7/7
  2804 | D:4      | Found a staircase to the Ecumenical Temple.
  2827 | D:4      | Reached skill level 7 in Unarmed Combat
  2962 | D:4      | Found a shadowy altar of Dithmenos.
  3055 | D:4      | Noticed Grinder
  3055 | D:4      | Paralysed by Grinder for 6 turns
  3066 | D:4      | Reached XP level 8. HP: 71/78 MP: 9/9
  3067 | D:4      | Found an ancient bone altar of Kikubaaqudgha.
  3078 | D:4      | Killed Grinder
  3182 | D:4      | Found a sand-covered staircase.
  3200 | Ossuary  | Entered an ossuary
  3212 | Ossuary  | Reached **** piety under Qazlal
  3252 | Ossuary  | Reached skill level 8 in Unarmed Combat
  3596 | Ossuary  | Reached skill level 5 in Dodging
  3669 | Ossuary  | Learned a level 2 spell: Shroud of Golubria
  3689 | D:4      | Reached skill level 5 in Fighting
  3718 | D:4      | Reached XP level 9. HP: 80/88 MP: 11/11
  3886 | D:4      | Noticed Eustachio
  3901 | D:4      | Killed Eustachio
  4294 | D:5      | Entered Level 5 of the Dungeon
  4328 | D:5      | Found Loijiheg's Weapon Shoppe.
  4349 | D:5      | Reached skill level 9 in Unarmed Combat
  4398 | D:5      | Noticed Menkaure
  4411 | D:5      | Killed Menkaure
  4982 | D:5      | Found a glowing silver altar of Zin.
  4982 | D:5      | Found an opulent altar of Gozag.
  5134 | D:6      | Gained mutation: You have a somewhat thin skeletal structure (Dex +2, Stealth). [potion of mutation]
  5134 | D:6      | Gained mutation: You are resistant to electric shocks. [potion of mutation]
  5134 | D:6      | Gained mutation: You are surrounded by a mild repulsion field (EV +2). [potion of mutation]
  5683 | D:6      | Found an iron altar of Okawaru.
  5732 | D:7      | Reached skill level 5 in Invocations
  5897 | D:7      | Found a burning altar of Makhleb.
  6115 | D:7      | Reached skill level 10 in Unarmed Combat
  6302 | D:7      | Reached XP level 10. HP: 98/98 MP: 13/13
  6330 | D:8      | Noticed Erolcha
  6334 | D:8      | Killed Erolcha
  6530 | D:8      | Noticed Gastronok
  6538 | D:8      | Noticed Psyche
  6545 | D:8      | Killed Gastronok
  6550 | D:8      | Killed Psyche
  7148 | D:9      | Found a sacrificial altar of Ru.
  7162 | D:9      | Reached ***** piety under Qazlal
  7167 | D:9      | Reached XP level 11. HP: 97/109 MP: 15/15
  7442 | D:9      | Found a shimmering altar of Xom.
  7599 | D:9      | Found a blossoming altar of Fedhas.
  7600 | D:9      | Found a burning altar of Makhleb.
  7734 | D:10     | Entered Level 10 of the Dungeon
  7792 | D:10     | Noticed Snorg
  7798 | D:10     | Killed an unseen horror
  7801 | D:10     | Killed Snorg
  7849 | D:10     | Noticed a hill giant
  7865 | D:10     | Killed a hill giant
  8175 | D:10     | Found Juhanent's Weapon Boutique.
  8241 | D:10     | Found a staircase to the Orcish Mines.
  8430 | D:11     | Noticed a hill giant
  8440 | D:11     | Killed a hill giant
  8536 | D:11     | Found a frozen archway.
  8584 | D:11     | HP: 3/113 [ice statue] (15)]
  8758 | D:11     | Reached XP level 12. HP: 7/122 MP: 12/17
  8988 | D:11     | Noticed a hill giant
  8998 | D:11     | Killed a hill giant
  9074 | D:11     | Found a staircase to the Lair.
  9380 | Lair:1   | Entered Level 1 of the Lair of Beasts
  9510 | Lair:1   | Noticed an eight-headed hydra
  9524 | Lair:1   | Killed a 12-headed hydra
  9703 | Lair:1   | Identified a scroll of acquirement
  9779 | Lair:1   | Reached skill level 1 in Armour
 10604 | Lair:2   | Noticed a seven-headed hydra
 10617 | Lair:2   | Killed an eight-headed hydra
 10868 | Lair:2   | Reached skill level 5 in Armour
 12958 | Lair:5   | Reached XP level 13. HP: 131/131 MP: 19/19
 13156 | Lair:5   | Gained mutation: You are resistant to hostile enchantments. [potion of beneficial mutation]
 13508 | Lair:6   | Noticed Kirke
 13538 | Lair:6   | Reached skill level 10 in Invocations
 13561 | Lair:6   | Killed Kirke
 13694 | Lair:6   | Found a staircase to the Swamp.
 13831 | Lair:6   | Found a hole to the Spider Nest.
 14331 | Lair:7   | Reached skill level 11 in Invocations
 14865 | Lair:8   | Entered Level 8 of the Lair of Beasts
 15139 | Lair:8   | Reached skill level 10 in Armour
 15385 | Lair:8   | Found a viscous altar of Jiyva.
 15386 | Lair:8   | Found a staircase to the Slime Pits.
 15828 | Lair:8   | Reached XP level 14. HP: 132/140 MP: 21/21
 16003 | Lair:8   | Reached skill level 12 in Invocations
 16466 | Lair:4   | Noticed a five-headed hydra
 16505 | Lair:4   | Killed a 14-headed hydra
 16505 | Lair:4   | Reached skill level 10 in Dodging
 16735 | Orc:1    | Entered Level 1 of the Orcish Mines
 17100 | Orc:2    | Reached ****** piety under Qazlal
 17390 | Orc:3    | Found a staircase to the Elven Halls.
 18017 | Orc:4    | Entered Level 4 of the Orcish Mines
 18158 | Orc:4    | Noticed slAvIk159's ghost (journeyman MiGl)
 18176 | Orc:4    | Killed slAvIk159's ghost
 18321 | Orc:4    | Found a roughly hewn altar of Beogh.
 18339 | Orc:4    | Noticed Donald
 18360 | Orc:4    | Killed Donald
 18399 | Orc:4    | Found Peikios's Distillery.
 18436 | Orc:4    | Bought a potion of berserk rage for 60 gold pieces
 18436 | Orc:4    | Bought a potion of might for 48 gold pieces
 18436 | Orc:4    | Bought a potion of haste for 120 gold pieces
 18436 | Orc:4    | Bought a potion of resistance for 120 gold pieces
 18436 | Orc:4    | Bought a potion of heal wounds for 60 gold pieces
 18436 | Orc:4    | Bought a potion of resistance for 120 gold pieces
 18441 | Orc:4    | Found Tadgh's Weapon Shop.
 18457 | Orc:4    | Noticed an orc warlord
 18462 | Orc:4    | Killed an orc warlord
 18884 | Orc:4    | Noticed an orc warlord
 18910 | Orc:4    | Killed an orc warlord
 18954 | Orc:4    | Found a roughly hewn altar of Beogh.
 19336 | Orc:4    | Found Liddurog's Antique Armour Boutique.
 19353 | Orc:4    | Reached skill level 13 in Dodging
 19429 | Orc:4    | Found Wapo Jack's Distillery.
 19468 | Orc:4    | Bought a potion of curing for 48 gold pieces
 19468 | Orc:4    | Bought a potion of curing for 48 gold pieces
 19468 | Orc:4    | Bought a potion of berserk rage for 80 gold pieces
 19468 | Orc:4    | Bought a potion of heal wounds for 80 gold pieces
 19753 | D:12     | Reached XP level 15. HP: 141/146 MP: 23/23
 20338 | D:13     | Found Pagg's Antique Armour Shop.
 20403 | D:13     | Bought a smoking robe for 119 gold pieces
 20441 | D:13     | Reached skill level 14 in Dodging
 20507 | D:13     | Found an ancient bone altar of Kikubaaqudgha.
 20709 | D:13     | Found a gate to the Vaults.
 20818 | D:13     | Found Minoutis's Magic Scroll Boutique.
 20826 | D:13     | Bought a scroll of recharging for 152 gold pieces
 21405 | D:14     | Identified the cursed +0 robe "Yckoerin" {rElec rN+} (You bought it in a shop on level 13 of the Dungeon)
 21772 | D:15     | Entered Level 15 of the Dungeon
 22420 | D:15     | Found a staircase to the Depths.
 22476 | D:15     | Reached skill level 15 in Dodging
 23130 | Spider:1 | Entered Level 1 of the Spider Nest
 23741 | Spider:1 | Noticed Rupert
 23753 | Spider:1 | Killed Rupert
 23852 | Spider:1 | Reached XP level 16. HP: 83/156 MP: 25/25
 24026 | Spider:2 | Noticed Roxanne
 24049 | Spider:2 | Killed Roxanne
 25488 | Spider:4 | Entered Level 4 of the Spider Nest
 25508 | Spider:4 | Reached skill level 15 in Invocations
 26470 | Spider:4 | Got a gossamer rune of Zot
 26767 | Swamp:1  | Entered Level 1 of the Swamp
 27600 | Swamp:2  | Reached XP level 17. HP: 130/163 MP: 27/27
 27778 | Swamp:2  | Noticed Louise
 27797 | Swamp:2  | Noticed Frances
 27807 | Swamp:2  | Killed Louise
 27823 | Swamp:2  | Reached skill level 16 in Invocations
 27934 | Swamp:2  | Gained mutation: You are weak. (Str -2) [a neqoxec]
 27940 | Swamp:2  | Killed Frances
 28362 | Swamp:2  | You fall through a shaft!
 28740 | Swamp:3  | Noticed Jorgrun
 28750 | Swamp:3  | Killed Jorgrun
 28755 | Swamp:3  | Gained mutation: You are robust (+10% HP). [potion of beneficial mutation]
 29181 | Swamp:4  | Entered Level 4 of the Swamp
 29461 | Swamp:4  | Reached skill level 15 in Unarmed Combat
 29690 | Swamp:4  | Got a decaying rune of Zot
 29818 | Swamp:4  | Got a polished large shield
 29819 | Swamp:4  | Identified the +3 large shield of Refuge {-Cast rElec rPois rC+ Int-2} (You acquired it on level 4 of the Swamp)
 29831 | Swamp:4  | Got a polished swamp dragon armour
 29832 | Swamp:4  | Identified the +4 swamp dragon armour of Nihilism {rPois rN+ Slay+4 SInv Stlth-} (You acquired it on level 4 of the Swamp)
 30652 | Elf:1    | Entered Level 1 of the Elven Halls
 31046 | Elf:1    | Reached skill level 17 in Invocations
 31699 | Elf:2    | Found Wuonoiro's Weapon Shop.
 31839 | Elf:2    | Reached XP level 18. HP: 188/188 MP: 29/29
 32087 | Elf:2    | Found a runed gate.
 32088 | Elf:2    | Found a runed gate.
 32088 | Elf:2    | Found a runed gate.
 32857 | Elf:3    | Entered Level 3 of the Elven Halls
 32944 | Elf:3    | Noticed Ark's ghost (adept FoFi)
 32973 | Elf:3    | Killed Ark's ghost
 32978 | Elf:3    | Noticed Saint Roka
 33003 | Elf:3    | Killed Saint Roka
 33295 | Elf:3    | Reached skill level 18 in Invocations
 33521 | Elf:3    | Noticed Mara
 33525 | Elf:3    | Noticed Eucla's illusion
 33540 | Elf:3    | Killed Mara
 33864 | Elf:3    | Reached XP level 19. HP: 93/196 MP: 24/31
 34070 | Elf:3    | Got a fine sapphire amulet
 34202 | Elf:3    | Identified the amulet "Imaso" {+Blink Regen+} (You took it off a deep elf mage on level 3 of the Elven Halls)
 34685 | Vaults:1 | Entered Level 1 of the Vaults
 34802 | Vaults:1 | Reached skill level 1 in Shields
 35064 | Vaults:1 | Noticed Nikola
 35114 | Vaults:1 | Killed Nikola
 35114 | Vaults:1 | Reached skill level 19 in Invocations
 35258 | Vaults:1 | Noticed Asterion
 35275 | Vaults:1 | Killed Asterion
 35591 | Vaults:1 | Found Furchi's Weapon Shop.
 36119 | Vaults:2 | Reached skill level 5 in Shields
 36444 | Vaults:2 | Reached XP level 20. HP: 137/206 MP: 32/32
 36743 | Vaults:2 | Got a fabulously ornate robe
 36744 | Vaults:2 | Identified the cursed +0 robe "Vooshroc" {rElec Str+4} (You took it off a deep elf mage on level 2 of the Vaults)
 37996 | Vaults:3 | Reached skill level 20 in Invocations
 38202 | Vaults:3 | Noticed Norris
 38226 | Vaults:3 | Killed Norris
 38433 | Vaults:3 | Found a staircase to the Crypt.
 38451 | Crypt:1  | Entered Level 1 of the Crypt
 39921 | Vaults:4 | Reached XP level 21. HP: 214/214 MP: 34/34
 39999 | Vaults:5 | Entered Level 5 of the Vaults
 39999 | Vaults:5 | Noticed Xtahua
 40023 | Vaults:4 | Killed Xtahua
 40189 | Vaults:5 | Reached skill level 10 in Shields
 40311 | Vaults:5 | Gained mutation: You have large cloven feet. [potion of beneficial mutation]
 40522 | Vaults:5 | Reached skill level 21 in Invocations
 40576 | Vaults:5 | Reached XP level 22. HP: 83/224 MP: 16/35
 41173 | Vaults:5 | Noticed an ancient lich
 41195 | Vaults:5 | Killed an ancient lich
 41407 | Vaults:5 | Got a silver rune of Zot
 42125 | Vaults:5 | Got a wavering turquoise ring
 42592 | Vaults:5 | Identified the ring "Kithif" {Ice Str+3 Int+4 Dex+2} (You found it on level 5 of the Vaults)
 43326 | Slime:1  | Entered Level 1 of the Pits of Slime
 43380 | Slime:1  | Gained mutation: You are very weak. (Str -4) [a shining eye]
 43765 | Slime:2  | Lost mutation: You are robust (+10% HP). [a shining eye]
 44415 | Slime:4  | Gained mutation: You are highly resistant to hostile enchantments. [a shining eye]
 44422 | Slime:4  | Gained mutation: Your magical capacity is low (-10% MP). [a shining eye]
 44798 | Slime:5  | Gained mutation: You are frail (-10% HP). [a shining eye]
 44816 | Slime:6  | Entered Level 6 of the Pits of Slime
 44839 | Slime:6  | Noticed the royal jelly
 44846 | Slime:6  | Reached XP level 23. HP: 134/189 MP: 1/33
 45147 | Slime:6  | Killed the royal jelly
 45164 | Slime:6  | Gained mutation: You tend to lose your temper in combat. [a shining eye]
 45167 | Slime:6  | Gained mutation: You expend magic power (3 MP) to strengthen your wands. [a shining eye]
 45287 | Slime:6  | Gained mutation: You often lose your temper in combat. [a shining eye]
 45310 | Slime:6  | Reached skill level 22 in Invocations
 45817 | Slime:6  | Got a slimy rune of Zot
 46076 | Slime:4  | You fall through a shaft!
 46126 | Slime:4  | Gained mutation: You are very frail (-20% HP). [a shining eye]
 46129 | Slime:4  | Gained mutation: Scrolls take you a little longer to read. [a shining eye]
 46161 | Slime:4  | Lost mutation: You are very frail (-20% HP). [potion of cure mutation]
 46161 | Slime:4  | Lost mutation: You expend magic power (3 MP) to strengthen your wands. [potion of cure mutation]
 46161 | Slime:4  | Lost mutation: You have large cloven feet. [potion of cure mutation]
 46161 | Slime:4  | Lost mutation: You are very weak. (Str -4) [potion of cure mutation]
 46162 | Slime:4  | Lost mutation: You are resistant to electric shocks. [potion of cure mutation]
 46162 | Slime:4  | Lost mutation: You are weak. (Str -2) [potion of cure mutation]
 46162 | Slime:4  | Lost mutation: You often lose your temper in combat. [potion of cure mutation]
 46162 | Slime:4  | Lost mutation: You are surrounded by a mild repulsion field (EV +2). [potion of cure mutation]
 46162 | Slime:4  | Lost mutation: Scrolls take you a little longer to read. [potion of cure mutation]
 46189 | Slime:3  | Gained mutation: Armour fits poorly on your strangely shaped body. [a shining eye]
 46199 | Slime:3  | Gained mutation: You occasionally shout uncontrollably at your foes. [a shining eye]
 46738 | Depths:1 | Entered Level 1 of the Depths
 46768 | Depths:1 | Noticed Wiglaf
 46784 | Depths:1 | Killed Wiglaf
 47395 | Depths:1 | Found a gateway to Hell.
 47584 | Depths:1 | Found a sparkling altar of Nemelex Xobeh.
 48051 | Depths:2 | Noticed a juggernaut
 48293 | Depths:2 | Noticed a juggernaut
 48918 | Depths:3 | Reached XP level 24. HP: 193/197 MP: 33/33
 49220 | Depths:3 | Found a one-way gate leading to the halls of Pandemonium.
 49360 | Depths:3 | Found a gateway to a ziggurat.
 49771 | Depths:4 | Found a one-way gate to the infinite horrors of the Abyss.
 49876 | Depths:4 | Got a crude pewter ring
 49878 | Depths:4 | Identified the ring "Odyago" {rC+ Dex+3 SInv} (You found it on level 4 of the Depths)
 50305 | Depths:4 | Found a portal to a secret trove of treasure.
 50430 | Depths:4 | Reached skill level 23 in Invocations
 51153 | Depths:5 | Entered Level 5 of the Depths
 51222 | Depths:5 | Noticed a juggernaut
 51239 | Depths:5 | Killed a juggernaut
 51902 | Depths:5 | Found Oliyrch's Antique Armour Boutique.
 51943 | Depths:5 | Reached skill level 15 in Shields
 52047 | Depths:5 | Reached XP level 25. HP: 204/204 MP: 33/33
 52123 | Depths:5 | Found a runed door.
 52124 | Depths:5 | Found a runed door.
 52124 | Depths:5 | Found a runed door.
 52211 | Depths:5 | Found a runed door.
 52403 | Depths:5 | Found a runed door.
 52403 | Depths:5 | Found a runed door.
 52454 | Depths:5 | Found a gate to the Realm of Zot.
 52513 | Zot:1    | Entered Level 1 of the Realm of Zot
 53515 | Zot:1    | Reached skill level 24 in Unarmed Combat
 53689 | Zot:1    | Noticed an orb of fire
 53705 | Zot:1    | Killed an orb of fire
 53710 | Zot:1    | Lost mutation: You are frail (-10% HP). [potion of cure mutation]
 53710 | Zot:1    | Lost mutation: Your magical capacity is low (-10% MP). [potion of cure mutation]
 53710 | Zot:1    | Lost mutation: Armour fits poorly on your strangely shaped body. [potion of cure mutation]
 53710 | Zot:1    | Lost mutation: You occasionally shout uncontrollably at your foes. [potion of cure mutation]
 53710 | Zot:1    | Lost mutation: You are highly resistant to hostile enchantments. [potion of cure mutation]
 53710 | Zot:1    | Lost mutation: You tend to lose your temper in combat. [potion of cure mutation]
 55234 | Zot:4    | Reached skill level 25 in Unarmed Combat
 55249 | Zot:4    | Reached XP level 26. HP: 223/228 MP: 10/37
 55332 | Zot:4    | Noticed an orb of fire
 55344 | Zot:4    | Gained mutation: You have a moderately thin skeletal structure (Dex +4, Stealth+). [potion of beneficial mutation]
 55351 | Zot:4    | Gained mutation: You are weak. (Str -2) [an orb of fire]
 55353 | Zot:4    | Gained mutation: You are partially covered in slimy green scales (AC +2). [an orb of fire]
 55370 | Zot:4    | Gained mutation: Scrolls take you a little longer to read. [an orb of fire]
 55372 | Zot:4    | Gained mutation: You are clumsy. (Dex -2) [an orb of fire]
 55380 | Zot:4    | Killed an orb of fire
 56690 | Zot:5    | Entered Level 5 of the Realm of Zot
 56937 | Zot:5    | Reached skill level 26 in Unarmed Combat
 56994 | Zot:5    | Noticed Demise's ghost (legendary HaBe)
 56995 | Zot:5    | Noticed an ancient lich
 57017 | Zot:5    | Killed an ancient lich
 57044 | Zot:5    | Killed Demise's ghost
 57122 | Zot:5    | Noticed an orb of fire
 57128 | Zot:5    | Noticed an orb of fire
 57130 | Zot:5    | Gained mutation: You have a pair of small horns on your head. [an orb of fire]
 57132 | Zot:5    | Noticed an orb of fire
 57141 | Zot:5    | Gained mutation: You are frail (-10% HP). [an orb of fire]
 57141 | Zot:5    | Gained mutation: Armour fits poorly on your strangely shaped body. [an orb of fire]
 57143 | Zot:5    | Killed an orb of fire
 57143 | Zot:5    | Killed an orb of fire
 57156 | Zot:5    | Killed an orb of fire
 57222 | Zot:5    | Noticed an orb of fire
 57222 | Zot:5    | Gained mutation: You occasionally shout uncontrollably at your foes. [an orb of fire]
 57231 | Zot:5    | Killed an orb of fire
 57231 | Zot:5    | Reached skill level 27 in Unarmed Combat
 57399 | Zot:5    | Noticed an orb of fire
 57400 | Zot:5    | Gained mutation: Your magical capacity is low (-10% MP). [an orb of fire]
 57401 | Zot:5    | Noticed an ancient lich
 57404 | Zot:5    | Killed an orb of fire
 57407 | Zot:5    | Killed an ancient lich
 57482 | Zot:5    | Noticed an orb of fire
 57488 | Zot:5    | Gained mutation: You are very weak. (Str -4) [an orb of fire]
 57499 | Zot:5    | Gained mutation: You sometimes yell uncontrollably at your foes. [an orb of fire]
 57503 | Zot:5    | Killed an orb of fire
 57552 | Zot:5    | Gained mutation: Your magical capacity is very low (-20% MP). [an orb of fire]
 57553 | Zot:5    | Noticed an orb of fire
 57553 | Zot:5    | Lost mutation: You are partially covered in slimy green scales (AC +2). [an orb of fire]
 57561 | Zot:5    | HP: 6/212 [orb of fire/fireball (30)]
 57566 | Zot:5    | Lost mutation: You are very weak. (Str -4) [an orb of fire]
 57567 | Zot:5    | Noticed an orb of fire
 57569 | Zot:5    | Killed from afar by an orb of fire

Action                   |  1- 3 |  4- 6 |  7- 9 | 10-12 | 13-15 | 16-18 | 19-21 | 22-24 | 25-27 || total
-------------------------+-------+-------+-------+-------+-------+-------+-------+-------+-------++-------
Melee: Unarmed           |   106 |   129 |   381 |   670 |  1800 |  1639 |  1288 |  1852 |  1063 ||  8928
Invok: Upheaval          |       |       |     4 |    18 |     5 |    40 |    17 |     5 |    18 ||   107
       Elemental Force   |       |       |       |     1 |     1 |     1 |     3 |     5 |     3 ||    14
       Disaster Area     |       |       |       |       |       |     2 |     2 |     5 |     5 ||    14
Evoke: Wand              |       |       |       |     8 |     5 |     3 |    18 |    30 |     3 ||    67
  Use: Potion            |       |     6 |     2 |     6 |     3 |    11 |     8 |     8 |    14 ||    58
       Scroll            |       |     8 |    10 |    11 |    12 |    30 |    13 |    26 |     3 ||   113
 Stab: Sleeping          |     3 |       |       |       |       |       |       |       |       ||     3
       Distracted        |       |       |       |       |     3 |     1 |       |     2 |     2 ||     8
       Held in net/web   |       |       |       |       |     1 |       |       |       |       ||     1
  Eat: Chunk             |    12 |     7 |    25 |    58 |    88 |    63 |    35 |    32 |    37 ||   357
       Meat ration       |     1 |       |     1 |       |     1 |     7 |     5 |    15 |     2 ||    32
       Beef jerky        |       |       |     1 |       |     8 |     2 |       |     2 |     1 ||    14
       Royal jelly       |       |       |     1 |       |     1 |       |       |     1 |     1 ||     4
       Fruit             |       |       |       |    12 |     3 |     5 |       |     7 |     2 ||    29
       Bread ration      |       |       |       |       |       |     2 |     2 |       |     5 ||     9
       Pizza             |       |       |       |       |       |     1 |       |       |     2 ||     3
